 Dungeon Crawl Stone Soup version 0.29.1-2-gbd0b4ee654 (webtiles) character file.

Game seed: 9482959222787705683

3210 kingsuperguy the Carver (level 9, -7/83 HPs)
             Began as a Minotaur Berserker on Nov 16, 2022.
             Was a Priest of Trog.
             Mangled by an orc warrior
             ... wielding a +0 war axe
              (10 damage)
             ... in a bailey.
             The game lasted 00:18:05 (6949 turns).

kingsuperguy the Carver (Minotaur Berserker)        Turns: 6949, Time: 00:18:06

Health: -7/83      AC: 15    Str: 25    XL:     9   Next: 65%
Magic:  8/8        EV: 10    Int:  4    God:    Trog [***...]
Gold:   862        SH:  0    Dex: 11    Spells: 8/8 levels left

rFire   . . .      SeeInvis .   H - +0 scimitar
rCold   + . .      Faith    .   (no shield)
rNeg    . . .      Spirit   .   q - +0 chain mail
rPois   .          Reflect  .   (helmet restricted)
rElec   .          Harm     .   e - +0 cloak
rCorr   .          Rampage  .   x - +0 pair of gloves
Will    .....                   v - +0 pair of boots
Stlth   ..........              S - amulet of regeneration
HPRegen 1.03/turn               k - ring of protection from cold
MPRegen 0.11/turn               (no ring)

@: on berserk cooldown, slowed, very slow
A: horns 2, retaliatory headbutt
a: Renounce Religion, Berserk, Trog's Hand


You were in a bailey.
You worshipped Trog.
Trog was most pleased with you.
You visited 1 branch of the dungeon, and saw 7 of its levels.
You also visited: Ossuary and Bailey.

You collected 985 gold pieces.
You spent 123 gold pieces at shops.

Inventory:

Hand Weapons
 a - a +0 falchion
 o - a +0 dagger
 A - a +0 dagger of freezing
 B - a +0 sling
 G - a +0 falchion
 H - a +0 scimitar (weapon)
 K - a +0 rapier
 U - a +1 whip of flaming
 Y - a +2 short sword of venom
Missiles
 f - 45 stones (quivered)
 j - 6 javelins
 p - 11 poisoned darts
 y - 16 boomerangs
Armour
 b - a +0 animal skin
 e - a +0 cloak (worn)
 q - a +0 chain mail (worn)
 v - a +0 pair of boots (worn)
 x - a +0 pair of gloves (worn)
 I - a +0 cloak
 L - a +0 pair of boots
 V - a +2 robe of willpower
Jewellery
 k - a ring of protection from cold (left hand)
 S - an amulet of regeneration (around neck)
 Z - a +6 ring of dexterity
Wands
 C - a wand of charming (2)
 F - a wand of quicksilver (1)
 W - a wand of mindburst (9)
Scrolls
 c - a scroll of brand weapon {unknown}
 h - 2 scrolls of fear {unknown}
 i - 2 scrolls of noise {unknown}
 l - 3 scrolls of teleportation
 r - 2 scrolls of blinking {unknown}
 u - 11 scrolls of identify {unknown}
 w - a scroll of enchant weapon {unknown}
 z - 2 scrolls of silence {unknown}
 E - a scroll of vulnerability {unknown}
 O - 3 scrolls of fog {unknown}
 R - 2 scrolls of immolation {unknown}
 T - a scroll of amnesia {unknown}
Potions
 g - 4 potions of ambrosia {unknown}
 m - 2 potions of attraction {unknown}
 n - 2 potions of degeneration {unknown}
 s - a potion of heal wounds {unknown}
 t - 3 potions of lignification {unknown}
 D - a potion of mutation {unknown}
 J - a potion of magic {unknown}
 M - 3 potions of haste {unknown}
 N - a potion of flight {unknown}
 P - 2 potions of invisibility {unknown}
 Q - a potion of might {unknown}
 X - a potion of cancellation {unknown}


   Skills:
 + Level 9.1 Fighting
 + Level 11.2 Long Blades
 + Level 0.8 Throwing
 + Level 8.1 Armour
 + Level 4.2 Dodging
 + Level 1.3 Stealth


You had 8 spell levels left.
You didn't know any spells.
Your spell library was empty.

Dungeon Overview and Level Annotations

Branches:
Dungeon (7/15)             Temple (0/1) D:4         Ossuary (visited)
 Bailey (1/1)

Altars:
Gozag
Qazlal

Shops:
D:1 !   D:4 [

Annotations:
D:5 3 runed translucent doors, cdecastro's ghost, novice BaIE


Innate Abilities, Weirdness & Mutations

You have a pair of horns on your head.
You reflexively headbutt those who attack you in melee.


Message History

You closely miss the orc warrior. Your headbutt misses the orc warrior.
You hit the orc warrior but do no damage.
The orc warrior hits you with a +0 war axe!
The orc warrior hits you but does no damage.
The orc warrior closely misses you.
The orc warrior hits you with a +0 war axe!
You feel a strong urge to attack something.
You are no longer berserk.
You are exhausted.
You feel yourself slow down.
The orc warrior hits you with a +0 war axe!
* * * LOW HITPOINT WARNING * * *
You feel better. The orc warrior closely misses you.
The orc warrior barely misses you.
The orc warrior hits you with a +0 war axe.
The orc warrior hits you but does no damage.
The orc warrior attacks as you move away!
The orc warrior hits you but does no damage.
The orc warrior hits you with a +0 war axe!
* * * LOW HITPOINT WARNING * * *
The orc warrior attacks as you move away!
The orc warrior hits you with a +0 war axe!
* * * LOW HITPOINT WARNING * * *
The orc warrior attacks as you move away!
The orc warrior closely misses you. x2; You furiously retaliate!
You headbutt the orc warrior! The orc warrior closely misses you.
The orc warrior hits you but does no damage.
There is an open gate here.
You feel better.
The orc warrior hits you but does no damage.
The orc warrior hits you with a +0 war axe!
* * * LOW HITPOINT WARNING * * *
The orc warrior closely misses you. You furiously retaliate!
You headbutt the orc warrior.
Okay, then.
The orc warrior attacks as you move away!
The orc warrior hits you with a +0 war axe.
* * * LOW HITPOINT WARNING * * *
The orc warrior hits you with a +0 war axe!
You die...

....... #...#
###)### ##..(..##
#...8...#
#∩.)...∩#
##...oo##
####''o####
##~....o@.~##
###~~.......~~#
...~~.......~~....
###~~.......~~###.
...~~.......~~..
###~~.......~~###
...~~.......~~..
#.###~~.......~~##
#....~~..)....~~..


You could see 3 orc warriors.

Vanquished Creatures
  Pikel (D:6)
  An orc warrior (Bailey)
  An ice beast (D:6)
  A black bear (D:7)
  A sky beast (D:7)
  A hornet zombie (Ossuary)
  3 ogres
  A lemure (D:6)
  A phantom (D:5)
  4 kobold brigands (Bailey)
  A gnoll sergeant (D:7)
  2 wyvern zombies (Ossuary)
  A necrophage (D:5)
  4 water moccasin zombies (Ossuary)
  A howler monkey (D:7)
  5 bullfrog zombies (Ossuary)
  3 centaur zombies (Ossuary)
  A gnoll bouda (D:5)
  3 hounds
  A jelly (D:4)
  An orc priest (D:7)
  13 mummies (Ossuary)
  Ijyb (D:4)
  5 iguanas
  An orc wizard (D:5)
  5 killer bee zombies (Ossuary)
  A howler monkey zombie (Ossuary)
  9 gnolls
  9 adders
  An ufetubus (D:5)
  2 worms
  A dart slug (D:2)
  5 orcs
  4 ball pythons
  6 endoplasms
  A giant cockroach (D:1)
  17 goblins
  7 hobgoblins
  4 jackals
  3 quokkas
  6 bats
  3 frilled lizards (D:1)
  5 kobolds
  6 rats
153 creatures vanquished.

Vanquished Creatures (others)
  3 withered plants (Ossuary)
3 creatures vanquished.

Grand Total: 156 creatures vanquished

Notes
Turn   | Place    | Note
-------+----------+-------------------------------------------
     0 | D:1      | kingsuperguy the Minotaur Berserker began the quest for the
                  | Orb.
     0 | D:1      | Reached XP level 1. HP: 19/19 MP: 0/0
   213 | D:1      | Reached XP level 2. HP: 27/27 MP: 1/1
   232 | D:1      | Reached skill level 4 in Long Blades
   463 | D:1      | Found Viloacvu's Distillery.
   466 | D:1      | Bought a potion of curing for 30 gold pieces
   466 | D:1      | Bought a potion of curing for 30 gold pieces
   863 | D:2      | Reached XP level 3. HP: 32/34 MP: 2/2
  1357 | D:2      | Reached ** piety under Trog
  1376 | D:2      | Found a faded altar of an unknown god.
  1668 | D:3      | Identified the +4 dagger of Nod Etokuka {holy, +Blink}
  1851 | D:3      | Reached XP level 4. HP: 37/41 MP: 3/3
  2784 | D:4      | Found Hyimej's Armour Boutique.
  2794 | D:4      | Bought a +0 pair of gloves for 63 gold pieces
  2807 | D:4      | Reached skill level 5 in Long Blades
  2845 | D:4      | Reached skill level 5 in Fighting
  2845 | D:4      | Reached XP level 5. HP: 46/48 MP: 4/4
  2961 | D:4      | Found a staircase to the Ecumenical Temple.
  3157 | D:4      | Noticed Ijyb
  3434 | D:4      | Killed Ijyb
  3823 | D:5      | Entered Level 5 of the Dungeon
  3839 | D:5      | Noticed an ogre
  3845 | D:5      | Killed an ogre
  3846 | D:5      | Reached skill level 6 in Long Blades
  3846 | D:5      | Reached XP level 6. HP: 57/57 MP: 5/5
  3994 | D:5      | Reached skill level 7 in Long Blades
  4005 | D:5      | Reached XP level 7. HP: 43/63 MP: 6/6
  4310 | D:5      | Found a runed translucent gate.
  4312 | D:5      | Found a runed translucent gate.
  4313 | D:5      | Found a runed translucent gate.
  4314 | D:5      | Found an opulent altar of Gozag.
  4315 | D:5      | Noticed a yak
  4316 | D:5      | Noticed cdecastro's ghost (novice BaIE)
  4486 | D:5      | Found a stormy altar of Qazlal.
  4798 | D:6      | Reached skill level 5 in Armour
  5025 | D:6      | Noticed Pikel
  5053 | D:6      | Reached skill level 8 in Long Blades
  5053 | D:6      | Reached skill level 1 in Stealth
  5258 | D:6      | Found a sand-covered staircase.
  5269 | Ossuary  | Entered an ossuary
  5285 | Ossuary  | Reached XP level 8. HP: 41/71 MP: 7/7
  5448 | Ossuary  | Reached skill level 9 in Long Blades
  5486 | Ossuary  | Reached *** piety under Trog
  5587 | Ossuary  | Reached skill level 10 in Long Blades
  5854 | Ossuary  | Reached XP level 9. HP: 81/81 MP: 8/8
  6016 | D:6      | Killed Pikel
  6375 | D:7      | Noticed a cyan ugly thing
  6771 | D:7      | Found a flagged portal.
  6795 | Bailey   | Entered a bailey
  6826 | Bailey   | Reached skill level 11 in Long Blades
  6949 | Bailey   | HP: 2/83 [orc warrior/+0 war axe (6)]
  6949 | Bailey   | Mangled by an orc warrior

Illustrated notes

Levels and vault maps discovered:
D:1:      dpeg_arrival_simpleton_b, layout_basic, serial_shops,
          nicolae_shop_behind_doors
D:2:      wander_river, layout_loops_cross, ebering_ecumenical_altar_mist
D:3:      layout_loops_corners
D:4:      kennysheep_the_goblin_king, layout_loops_ring, temple_green,
          serial_shops, shop_fountains
D:5:      layout_rooms, nicolae_overflow_hidden_temple, ebering_ghost_gozag
D:6:      layout_loops_ring, nicolae_ossuary_entry_ruins, uniq_pikel
D:7:      minmay_the_grid_square_5x5_3x3
          [minmay_the_grid_square_5x5_checkered_sparse,
          minmay_the_grid_square_5x5_empty, minmay_the_grid_square_5x5_minibox,
          minmay_the_grid_square_5x5_eight_small,
          minmay_the_grid_square_5x5_megaprize_hollow,
          minmay_the_grid_square_5x5_mess, minmay_the_grid_square_5x5_six_small,
          minmay_the_grid_square_5x5_c, minmay_the_grid_square_5x5_empty],
          layout_basic, enter_bailey_5, nicolae_benzene_ring,
          minmay_statues_item
Bailey:   bailey_axe_3, bailey

Skill      XL: |  1  2  3  4  5  6  7  8  9 |
---------------+----------------------------+-----
Long Blades    | 4 5 6 7 8 10 11 | 11.2
Fighting       | 4 5 6 8 9 |  9.1
Armour         | 3 4 5 6 8 |  8.1
Dodging        | 3 4 |  4.2
Stealth        | 1 |  1.3
Throwing       | |  0.8

Action                   |  1- 3 |  4- 6 |  7- 9 || total
-------------------------+-------+-------+-------++-------
Melee: Falchion          |    92 |   126 |    47 ||   265
       Headbutt          |    12 |    21 |    61 ||    94
       Punch             |       |     2 |       ||     2
       Scimitar          |       |       |   266 ||   266
Throw: Stone             |       |       |     3 ||     3
Invok: Berserk           |       |     4 |    10 ||    14
       Trog's Hand       |       |     1 |     2 ||     3
  Use: Potion            |       |       |     5 ||     5
       Scroll            |       |       |     3 ||     3
 Stab: Sleeping          |     1 |       |       ||     1
Armor: Animal skin       |    20 |       |       ||    20
       Chain mail        |    16 |    84 |   148 ||   248
Dodge: Dodged            |    56 |    54 |   159 ||   269
